 Dungeon Crawl Stone Soup version 0.24-a0-486-ged8816983f (webtiles) character file.

Game seed: 15345683924552546848

77 KristoblXynda the Conjurer (level 4, -1/33 HPs)
             Began as a Draconian Conjurer on July 9, 2019.
             Killed from afar by an orc wizard (6 damage)
             ... with a puff of flame
             ... on level 3 of the Dungeon.
             The game lasted 00:03:26 (2362 turns).

KristoblXynda the Conjurer (Draconian Conjurer)     Turns: 2362, Time: 00:03:27

Health: -1/33      AC:  5    Str: 10    XL:     4   Next: 14%
Magic:  0/8        EV: 12    Int: 17    God:
Gold:   165        SH:  0    Dex: 11    Spells: 4/8 levels left

rFire    . . .     SeeInvis .   p - +0 spear (flame)
rCold    . . .     Gourm    .   (no shield)
rNeg     . . .     Faith    .   (armour unavailable)
rPois    .         Spirit   .   (helmet restricted)
rElec    .         Reflect  .   (no cloak)
rCorr    .         Harm     .   (no gloves)
MR       .....                  (no boots)
Stlth    ++........             (no amulet)
HPRegen  0.11/turn              (no ring)
MPRegen  0.11/turn              (no ring)

@: no status effects
A: unfitting armour, cold-blooded, AC +5
a: no special abilities


You were on level 3 of the Dungeon.
You were hungry.

You visited 1 branch of the dungeon, and saw 3 of its levels.

You collected 165 gold pieces.

Inventory:

Hand Weapons
 p - a +0 spear of flaming (weapon)
Armour
 e - a +0 buckler
Scrolls
 a - a scroll of remove curse
 c - a scroll of enchant weapon {unknown}
 f - a scroll of identify
 g - a scroll of teleportation {unknown}
 j - a scroll of random uselessness {unknown}
 n - a scroll of immolation {unknown}
Potions
 d - a potion of resistance {unknown}
 h - a potion of haste {unknown}
 i - 3 potions of mutation
 k - a potion of degeneration {unknown}
 m - a potion of curing
 o - a potion of heal wounds {unknown}
 r - 2 potions of magic {unknown}
Comestibles
 b - 4 rations


   Skills:
 - Level 1.7 Dodging
 + Level 2.9 Stealth
 + Level 2.8 Spellcasting
 + Level 4.6 Conjurations


You had 4 spell levels left.
You knew the following spells:

 Your Spells              Type           Power        Failure   Level  Hunger
a - Magic Dart            Conj           ###.         2%          1    #......
b - Dazzling Spray        Conj/Hex       ##....       21%         3    ###....

Your spell library contained the following spells:

 Spells                   Type           Power        Failure   Level  Hunger
 Searing Ray              Conj           ###...       4%          2    ##.....
 Iskenderun's Mystic Bla  Conj           ###.....     26%         4    #####..
 Force Lance              Conj/Tloc      ##......     56%         4    #####..
 Fulminant Prism          Conj/Hex       ##........   56%         4    #####..


Dungeon Overview and Level Annotations

Branches:
Dungeon (3/15)

Altars:


Innate Abilities, Weirdness & Mutations

Your plain brown scales are hard. (AC +5)
You cannot fit into any form of body armour.
You are cold-blooded and may be slowed by cold attacks.


Message History

The orc wizard hits you with a +0 dagger.
* * * LOW HITPOINT WARNING * * *
The orc wizard hits you but does no damage.
Casting: Magic Dart (safe; 2% risk of failure)
Confirm with . or Enter, or press ? or * to list all spells.
Aiming: Magic Dart (safe; 2% risk of failure)
Press: ? - help, Shift-Dir - straight line, f/p - orc wizard
Aim: an orc wizard, wielding a +0 dagger and wearing a +0 robe (severely wounded)
The magic dart hits the orc wizard.
The orc wizard is almost dead.
The orc wizard hits you with a +0 dagger.
* * * LOW HITPOINT WARNING * * *
You closely miss the orc wizard.
You tail-slap the orc wizard, but do no damage.
The orc wizard is almost dead.
The orc wizard hits you but does no damage.
The orc wizard casts a cantrip, but nothing happens.
The orc wizard points at you and mumbles some strange words.
The puff of flame hits you.
You die...

...# #### . ....# ##..# .
.....# ##...# . ......#
##....# #... .....
#######....## #... ...
#...#.#....####...
#<####.###@....#....)......
.......o.......#.##.####..#
..####.#####...............
... #.#.#.##.####..# ####
#.#.#.##........
#.#..)..........
#.#...##........
#......#........
#...............


You could see an orc wizard.

Vanquished Creatures
  2 adders
  3 worms (D:2)
  A dart slug (D:1)
  2 orcs (D:3)
  2 ball pythons
  3 giant cockroaches
  6 goblins
  4 hobgoblins
  2 jackals (D:1)
  A quokka (D:3)
  3 bats (D:1)
  4 frilled lizards
  5 kobolds
  7 rats
45 creatures vanquished.

Notes
Turn   | Place    | Note
-------+----------+-------------------------------------------
     0 | D:1      | KristoblXynda the Draconian Conjurer began the quest for
                  | the Orb.
     0 | D:1      | Reached XP level 1. HP: 14/14 MP: 3/3
   368 | D:1      | Reached XP level 2. HP: 20/20 MP: 1/5
  1111 | D:1      | Reached XP level 3. HP: 26/26 MP: 2/6
  1304 | D:2      | Learned a level 3 spell: Dazzling Spray
  2349 | D:3      | Reached XP level 4. HP: 17/33 MP: 2/8
  2362 | D:3      | Killed from afar by an orc wizard

Levels and vault maps discovered:
D:1:      ncdulo_lavacross, layout_basic, chequers_serial_rivers_small_b,
          minmay_tall_x
D:2:      layout_loops_ring
D:3:      layout_basic, tgw_sif, kennysheep_donut

Skill      XL: |  1 |
---------------+----+-----
Stealth        | 2 |  2.9
Dodging        | |  1.7
Spellcasting   | |  2.8
Conjurations   | |  4.6

Action                   |  1- 3 |  4- 6 || total
-------------------------+-------+-------++-------
Melee: Unarmed           |    23 |       ||    23
       Tailslap          |     7 |     2 ||     9
       Spear             |    12 |     7 ||    19
       Dagger            |    10 |       ||    10
 Cast: Magic Dart        |    95 |     5 ||   100
  Use: Scroll            |     3 |       ||     3
  Eat: Chunk             |     5 |       ||     5
Armor: Skin              |     8 |     4 ||    12
Dodge: Dodged            |    28 |     3 ||    31

Table legend:
 A = Non-vault XP
 B = Vault XP
 C = Vault XP percentage of total XP
 D = Non-vault monster count
 E = Vault monster count
 F = Vault count percentage of total count
                 A         B        C        D         E       F
            +---------+---------+-------+---------+---------+-------
      Total |     105 |       6 |   5.4 |      41 |       4 |   8.9
            +---------+---------+-------+---------+---------+-------
        D:1 |      35 |       6 |  14.6 |      20 |       4 |  16.7
        D:2 |      44 |       0 |   0.0 |      14 |       0 |   0.0
        D:3 |      26 |       0 |   0.0 |       7 |       0 |   0.0
            +---------+---------+-------+---------+---------+-------
